 Dungeon Crawl Stone Soup version 0.31-a0-569-g7ea453304b (webtiles) character file.

Game seed: 10382994422273482459

128 Ethylacetat the Ducker (level 5, 0/36 HPs)
             Began as an Octopode Gladiator on Aug 18, 2023.
             Slain by a gnoll
             ... wielding a +0 club
              (4 damage)
             ... on level 3 of the Dungeon.
             The game lasted 00:02:28 (2308 turns).

Ethylacetat the Ducker (Octopode Gladiator)         Turns: 2308, Time: 00:02:29

Health: 0/36       AC:  0    Str: 14    XL:     5   Next: 11%
Magic:  5/5        EV: 22    Int: 10    God:
Gold:   185        SH:  0    Dex: 20    Spells: 4/4 levels left

rFire   . . .        h - melded +1 dagger (venom)
rCold   . . .        (shield currently unavailable)
rNeg    . . .        a - melded +0 hat
rPois   .            (no amulet)
rElec   .            (ring currently unavailable)
rCorr   .            (ring currently unavailable)
SInv    .            (ring currently unavailable)
Will    .....        (ring currently unavailable)
Stlth   ++           (ring currently unavailable)
HPRegen 0.26/turn    (ring currently unavailable)
MPRegen 0.09/turn    (ring currently unavailable)
                     (ring currently unavailable)

%: no passive effects
@: bat-form, flying, very quick
A: fast, flying, no casting, almost no armour, (amphibious), (8 rings), tiny,
(camouflage 1), (gelatinous body 1), (nimble swimmer 1), (tentacles)
a: no special abilities


You were on level 3 of the Dungeon.
You were a bat.
You visited 1 branch of the dungeon, and saw 3 of its levels.

You collected 185 gold pieces.

Inventory:

Hand Weapons
 h - a +1 dagger of venom (melded)
Missiles
 b - 5 throwing nets (quivered)
 c - a javelin
Armour
 a - a +0 hat (melded)
Scrolls
 d - 2 scrolls of teleportation {unknown}
 e - a scroll of acquirement {unknown}
 f - a scroll of revelation {unknown}
 g - 5 scrolls of identify {unknown}
 i - a scroll of enchant weapon {unknown}
 m - a scroll of fog {unknown}
 o - a scroll of brand weapon {unknown}
Potions
 j - a potion of curing {unknown}
 k - 3 potions of brilliance {unknown}
 l - a potion of heal wounds {unknown}
 n - a potion of enlightenment {unknown}
 p - a potion of berserk rage {unknown}


   Skills:
 + Level 3.3 Fighting
 - Level 2.0 Throwing
 + Level 4.0 Dodging
 + Level 4.0 Unarmed Combat


You had 4 spell levels left.
You didn't know any spells.
Your spell library was empty.

Dungeon Overview and Level Annotations

Branches:
Dungeon (3/15)

Altars:
Yredelemnul

Annotations:
D:3 1 transporter, AdnanSaban's ghost, amateur GrFi


Innate Abilities, Weirdness & Mutations

You are a bat.
You are tiny and dextrous.
You move quickly.
You are flying.
Your equipment is almost entirely melded.
You are incapable of wielding weapons or throwing items.
You cannot cast spells.
You cannot wear most types of armour.
((You are amphibious.))
((You can wear up to eight rings at the same time.))
((Your skin changes colour to match your surroundings (Stealth+).))
((Your rubbery body absorbs attacks. (AC +1, EV +1)))
((You are camouflaged when in or above water. (Stealth+)))
((You have tentacles for arms and can constrict up to eight enemies at once.))


Message History

You hear a shout!
The gnoll completely misses you.
You hit the gnoll but do no damage.
The gnoll is moderately wounded.
The gnoll barely misses you.
You closely miss the gnoll.
The gnoll is moderately wounded.
The gnoll barely misses you.
You barely miss the gnoll.
The gnoll is moderately wounded.
The gnoll barely misses you.
The gnoll bouda barks out a call to the hunt!
You hit the gnoll.
The gnoll is moderately wounded.
The gnoll hits you with a +0 club.
You hit the gnoll but do no damage.
The gnoll is moderately wounded.
You barely miss the gnoll.
The gnoll is moderately wounded.
The gnoll hits you with a +0 club!
You hit the gnoll.
The gnoll is moderately wounded.
The gnoll closely misses you.
You hit the gnoll.
The gnoll is heavily wounded.
The gnoll completely misses you. The gnoll closely misses you.
You hit the gnoll.
The gnoll is severely wounded.
The gnoll closely misses you. The gnoll hits you with a +0 club!
You closely miss the gnoll.
The gnoll is severely wounded.
The gnoll completely misses you. The gnoll hits you with a +0 club!
* * * LOW HITPOINT WARNING * * *
The gnoll shouts!
You hit the gnoll but do no damage.
The gnoll is severely wounded.
The gnoll hits you with a +0 flail.
* * * LOW HITPOINT WARNING * * *
The gnoll hits you with a +0 club.
You die...

#................................
...........≈≈≈≈≈≈≈≈≈≈≈...≈≈≈≈≈≈≈≈
####.......≈≈≈≈≈≈≈≈≈≈≈...≈≈≈≈≈≈≈≈
...........≈≈#####...........####
###....#...≈≈#.#.#.###.©.###.#.#.
...........≈≈#:..###.#####©###..g
......##...≈≈###...............##
...........≈≈.8#g######'######.#8
...........≈≈.##b#.⌠.#..8#(.$#.##
.......##..~~.#.g'.g...©⌠#:W.g..#
.......##..≈≈.##.#.⌠.#g.8#gg.#g##
....##.##..≈≈.8#.######'######.#8
....##.##..≈≈###...............##
.......##..≈≈#...###.#####g###..g
)...##.##..≈≈#.#.#.###.©.###.#.#.
...##......≈≈#####...........####
†..........≈≈≈≈≈≈≈≈≈≈≈≈~≈≈≈≈≈≈≈≈≈


You could see a gnoll bouda and 3 gnolls.

Vanquished Creatures
  Jessica (D:2)
  A gnoll (D:3)
  5 adders
  A dart slug (D:2)
  An orc (D:3)
  2 endoplasms (D:1)
  A giant cockroach (D:3)
  4 goblins
  8 hobgoblins
  5 kobolds
  3 quokkas (D:1)
  3 ball pythons (D:1)
  6 bats
  2 frilled lizards
  2 rats
45 creatures vanquished.

Notes
Turn   | Place    | Note
-------+----------+-------------------------------------------
     0 | D:1      | Ethylacetat the Octopode Gladiator began the quest for the
                  | Orb.
     0 | D:1      | Reached XP level 1. HP: 14/14 MP: 1/1
   203 | D:1      | Reached XP level 2. HP: 19/19 MP: 2/2
   370 | D:1      | Found a faded altar of an unknown god.
   786 | D:2      | Noticed Jessica
   794 | D:2      | Killed Jessica
   795 | D:2      | Reached XP level 3. HP: 20/25 MP: 3/3
  1061 | D:2      | Reached XP level 4. HP: 30/30 MP: 4/4
  1557 | D:3      | Found a transporter.
  1559 | D:3      | Identified the +1 spear of Duty {chaos, *Slow +Blink rC+
                  | Str+2 Int+2}
  1565 | D:3      | Found a transporter.
  1581 | D:3      | Noticed AdnanSaban's ghost (amateur GrFi)
  1736 | D:3      | Found a basalt altar of Yredelemnul.
  2014 | D:3      | Reached XP level 5. HP: 36/36 MP: 5/5
  2308 | D:3      | Slain by a gnoll

Illustrated notes

Levels and vault maps discovered:
D:1:      sevenhm_arrival_forest_fort_large_2, layout_loops_cross,
          hellmonk_ecumenical_altar_heavens_door, nrook_campfire
D:2:      layout_loops_ring, uniq_jessica
D:3:      layout_basic, lemuel_doored_altar, gammafunk_ghost_gnarly_gnolls

Skill      XL: |  1  2  3  4  5 |
---------------+----------------+-----
Fighting       | 3 |  3.3
Dodging        | 4 |  4.0
Unarmed Combat | 4 |  4.0
Throwing       | |  2.0

Action                     |  1- 3 |  4- 6 || total
---------------------------+-------+-------++-------
  Melee: Unarmed           |    41 |    13 ||    54
         Constrict         |    10 |    13 ||    23
         Punch             |     5 |     1 ||     6
         Tentacles         |     6 |    10 ||    16
         Dagger            |     7 |    49 ||    56
   Stab: Sleeping          |     6 |     8 ||    14
 Armour: Skin              |     2 |     4 ||     6
  Dodge: Dodged            |    34 |    39 ||    73

Table legend: (Time is in decaauts)
 A = Elapsed time spent in this place.
 B = Non-inter-level travel time spent in this place.
 C = Inter-level travel time spent in this place.
 D = Time resting spent in this place.
 E = Time spent auto-exploring this place.
 F = Levels seen in this place.
 G = Mean time per level.
                   A        B        C        D        E       F      G
               +--------+--------+--------+--------+--------+-----+--------+
         Total |   2303 |   2189 |    114 |      0 |   1841 |   3 |  767.7 |
       Dungeon |   2303 |   2189 |    114 |      0 |   1841 |   3 |  767.7 |
               +--------+--------+--------+--------+--------+-----+--------+

Top non-repeatable levels by time:
     D:3: 837 daAuts
     D:1: 770 daAuts
     D:2: 695 daAuts
